 Dungeon Crawl Stone Soup version 0.20.0-15-g7f486f2 (webtiles) character file.

51 ANON1729 the Conjurer (level 3, -2/19 HPs)
             Began as a Tengu Conjurer on June 17, 2017.
             Slain by an adder (4 damage)
             ... on level 2 of the Dungeon.
             The game lasted 00:05:07 (1571 turns).

ANON1729 the Conjurer (Tengu Conjurer)              Turns: 1571, Time: 00:05:09

Health: -2/19      AC:  2    Str:  8    XL:     3   Next: 83%
Magic:  1/7        EV: 12    Int: 16    God:
Gold:   13         SH:  0    Dex: 14    Spells: 3/6 levels left

rFire    . . .     SeeInvis .   e - +0 dagger
rCold    . . .     Gourm    .   (no shield)
rNeg     . . .     Faith    .   a - +0 robe
rPois    .         Spirit   .   (helmet restricted)
rElec    .         Reflect  .   (no cloak)
rCorr    .         Harm     .   (no gloves)
MR       +....                  (boots unavailable)
Stlth    ++........             (no amulet)
Regen    0.1/turn               g - ring of protection from magic
MPRegen  0.1/turn               (no ring)

@: lethally poisoned (-2 -> -10)
A: beak, talons 3
a: no special abilities


You were on level 2 of the Dungeon.
You were not hungry.

You visited 1 branch of the dungeon, and saw 2 of its levels.

You collected 13 gold pieces.

Inventory:

Hand Weapons
 e - a +0 dagger (weapon)
Armour
 a - a +0 robe (worn)
Jewellery
 g - a ring of protection from magic (left hand)
 j - an uncursed ring of protection from magic
Scrolls
 d - a scroll of enchant weapon {unknown}
 l - a scroll of magic mapping {unknown}
Potions
 f - 3 potions of curing {unknown}
 h - a potion of agility {unknown}
 k - a potion of brilliance {unknown}
Books
 b - a book of Conjurations

   Spells                             Type                      Level
   a - Magic Dart                     Conjuration                  1
   b - Searing Ray                    Conjuration                  2
   c - Dazzling Spray                 Conjuration/Hexes            3
   d - Fulminant Prism                Conjuration/Hexes            4
   e - Force Lance                    Conjuration/Translocation    4
   f - Iskenderun's Mystic Blast      Conjuration                  4
Comestibles
 c - 3 bread rations
 i - a royal jelly
 m - 2 chunks of flesh


   Skills:
 - Level 2.1 Dodging
 - Level 2.0 Stealth
 + Level 2.4 Spellcasting
 + Level 6.7 Conjurations


You had 3 spell levels left.
You knew the following spells:

 Your Spells              Type           Power        Failure   Level  Hunger
a - Magic Dart            Conj           ###.         1%          1    #......
b - Searing Ray           Conj           ###...       1%          2    ###....


Dungeon Overview and Level Annotations

Branches:
Dungeon (2/15)

Altars:


Innate Abilities, Weirdness & Mutations

You have a beak for a mouth.
You have claws for feet.


Message History

You miss the adder.
The adder is lightly wounded.
The adder bites you.
You closely miss the adder. You claw the adder, but do no damage.
The adder is lightly wounded.
The adder barely misses you. The adder bites you.
* * * LOW HITPOINT WARNING * * *
You hit the adder.
The adder is heavily wounded.
The adder barely misses you.
You closely miss the adder.
The adder is heavily wounded.
The adder bites you but does no damage.
You completely miss the adder. Your peck misses the adder.
The adder is heavily wounded.
The adder bites you.
* * * LOW HITPOINT WARNING * * *
You are lethally poisoned!
The adder poisons you! The adder bites you.
You die...

.........############
#.#######
.........#..........#
#........
.........#.########.#
######### .......###.#
####.#### ######
.......# #.# #.......#
#..... .......# #.#
#.......# #.####
.......# #.# ##.......#
#.# .......# #.#
#........# #.#
.......###'####.@S♣....#
#.#
###..........##..♣.♣...#
#.#
#.........(##.♣._.♣..#
#.# #.........(##.
♣.♣...# #.#
..................♣....#
#.####
...#.###..............##
#..... ...#.
#...(.†....#.### ######
.. #. .........####
#.#### ...........
#.....


You could see an adder.

Vanquished Creatures
  An adder (D:2)
  A worm (D:2)
  A dart slug (D:1)
  2 leopard geckos
  5 bats
  3 giant cockroaches (D:1)
  5 goblins
  2 hobgoblins (D:1)
  A quokka (D:2)
  6 frilled lizards
  5 kobolds
  3 rats
35 creatures vanquished.

Notes
Turn   | Place    | Note
-------+----------+-------------------------------------------
     0 | D:1      | ANON1729 the Tengu Conjurer began the quest for the Orb.
     0 | D:1      | Reached XP level 1. HP: 10/10 MP: 4/4
   215 | D:1      | Reached XP level 2. HP: 15/15 MP: 0/6
   422 | D:1      | Reached skill level 6 in Conjurations
   872 | D:1      | Reached XP level 3. HP: 19/19 MP: 5/7
   876 | D:1      | Learned a level 2 spell: Searing Ray
  1552 | D:2      | Found a faded altar of an unknown god.
  1571 | D:2      | Slain by an adder

Skill      XL: |  1  2 |
---------------+-------+-----
Conjurations   | 6 |  6.7
Dodging        | |  2.1
Stealth        | |  2.0
Spellcasting   | |  2.4

Action                   || total
-------------------------++-------
Melee: Unarmed           ||     4
       Peck              ||     2
       Kick              ||     3
       Dagger            ||    14
 Cast: Magic Dart        ||    65
  Eat: Chunk             ||     3
Armor: Robe              ||     6
Dodge: Dodged            ||    12
